AoeStats
← Teapoo Two

MegaRandom

510061646Analyzed
3v3 RM · 2d ago on Sep 29, 2026· 46m 59s· 6 players
Game mode
Random Map
Map size
Normal (6 player)
Population
200
Speed
Normal
Resources
Standard
Victory
Conquest
Starting age
Dark Age
Ending age
Imperial Age
RankedLock teamsTeams togetherTeam positionsShared explorationLock speedFull tech treeHidden civsTurbo modeCheats
Victory
Defeat
🇦🇺 Malians · Australia
953
+12
🇦🇺 Dravidians · Australia
953
+12
🇦🇺 Khmer · Australia
848
+16
🇩🇪 Saxons · Germany
925
-16
🇩🇪 Khmer · Germany
828
-12
🇺🇸 Vikings · United States
820
-12
FilthyASS244
5:53 Loom
10:42 Feudal Age
11:27 Double-Bit Axe
13:33 Wheelbarrow
16:36 Castle Age
17:17 Stone Mining
17:18 Gold Mining
17:46 Bow Saw
18:13 Horse Collar
19:16 Heavy Plow
24:06 Scale Mail Armor
25:35 Squires
25:21 Arson
26:44 Forging
27:17 Hand Cart
28:07 Chain Mail Armor
30:18 Iron Casting
30:29 Gold Shaft Mining
34:10 Imperial Age
31:11 Man-at-Arms
31:54 Long Swordsman
34:27 Elite Gbeto
35:25 Two-Handed Swordsman
36:38 Conscription
38:20 Champion
Teapoo Two
2:20 Loom
12:13 Feudal Age
16:50 Castle Age
15:42 Double-Bit Axe
15:42 Horse Collar
16:02 Gold Mining
16:03 Stone Mining
24:05 Bow Saw
23:25 Light Cavalry
24:16 Bloodlines
24:07 Husbandry
30:06 Ballistics
33:42 Imperial Age
31:24 Forging
31:21 Scale Barding Armor
34:56 Wheelbarrow
34:13 Town Watch
34:55 Heavy Plow
35:52 Conscription
35:34 Double Crossbow
37:58 Tusk Swords
39:06 Elite Battle Elephant
42:21 Heavy Scorpion
Trevzxx
1:16 Loom
12:21 Feudal Age
17:11 Castle Age
15:35 Fletching
16:31 Padded Archer Armor
16:50 Gold Mining
16:48 Double-Bit Axe
20:05 Elite Skirmisher
21:54 Bodkin Arrow
22:45 Leather Archer Armor
24:40 Thumb Ring
30:06 Bow Saw
32:27 Ballistics
36:02 Imperial Age
36:53 Bracer
37:24 Ring Archer Armor
36:34 Elite Elephant Archer
39:35 Conscription
The Reich
12:52 Feudal Age
12:44 Loom
20:12 Castle Age
24:05 Stone Mining
24:04 Double-Bit Axe
24:01 Horse Collar
25:47 Scale Mail Armor
25:58 Forging
29:36 Squires
36:55 Imperial Age
34:55 Chain Mail Armor
36:25 Iron Casting
35:50 Arson
37:57 Elite Varangian Guard
38:43 Chieftains
41:18 Onager
41:56 Capped Ram
44:22 Plate Mail Armor
Örfdemadafaka
2:11 Loom
14:53 Feudal Age
17:35 Castle Age
15:22 Double-Bit Axe
15:38 Horse Collar
15:45 Fishing Lines
16:35 Stone Mining
16:36 Gold Mining
17:51 Wheelbarrow
18:05 Town Watch
21:23 Stone Shaft Mining
21:24 Gold Shaft Mining
22:01 Bow Saw
21:17 Pikeman
22:50 Hand Cart
23:57 Scale Mail Armor
24:08 Forging
24:22 Elite Skirmisher
34:12 Imperial Age
31:50 Heavy Plow
34:30 Town Patrol
35:09 Iron Casting
34:49 Chain Mail Armor
34:39 Scale Barding Armor
34:24 Fletching
34:34 Padded Archer Armor
34:24 Crossbowman
36:23 Chemistry
37:16 Gillnets
37:54 Double Crossbow
38:15 Conscription
37:55 Arson
37:34 Halberdier
38:37 Husbandry
38:49 Bloodlines
39:34 Crop Rotation
39:28 Chain Barding Armor
40:08 Blast Furnace
39:04 Bodkin Arrow
39:24 Leather Archer Armor
38:42 Elite Cannon Galleon
39:34 Cavalier
43:11 Man-at-Arms
45:26 Blast Furnace
45:01 Plate Barding Armor
TTVBrophetLIVE
10:55 Feudal Age
11:53 Horse Collar
18:43 Castle Age
16:44 Double-Bit Axe
19:29 Heavy Plow
18:56 Crossbowman
20:38 Wheelbarrow
28:02 Hand Cart
28:05 Fletching
29:10 Bodkin Arrow
33:35 Gold Mining
33:56 Loom
41:45 Thumb Ring
Connection lost

Rejoining the realm…

Still unreachable

The connection could not be restored.

Session expired

The server has moved on; the page needs a fresh start.